 Dungeon Sprint DCSS version 0.26-a0-652-gafc20e3620 (webtiles) character file.

Game seed: 2153081257177554258

373 sahdkjhfkaj the Destroyer (level 6, -2/36 HPs)
             Began as an Octopode Conjurer on Oct 2, 2020.
             Was a Believer of Sif Muna.
             Slain by a komodo dragon (34 damage)
             ... in the Dungeon (Sprint IX: "|||||||||||||||||||||||||||||").
             The game lasted 00:01:07 (595 turns).

sahdkjhfkaj the Destroyer (Octopode Conjurer)        Turns: 595, Time: 00:01:08

Health: -2/36      AC:  1    Str:  9    XL:     6   Next: 72%
Magic:  13/16      EV: 15    Int: 22    God:    Sif Muna [**....]
Gold:   0          SH:  0    Dex: 11    Spells: 17/20 levels left

rFire    . . .     SeeInvis .   l - +2 scimitar (holy)
rCold    . . .     Faith    .   (no shield)
rNeg     . . .     Spirit   .   (helmet restricted)
rPois    .         Reflect  .   (no amulet)
rElec    .         Harm     .   a - +3 ring of strength
rCorr    .         Rampage  .   m - +2 ring of evasion
MR       .....     NoTele   +   (no ring)
Stlth    +++.......             (no ring)
HPRegen  0.12/turn              (no ring)
MPRegen  0.15/turn              (no ring)
                                (no ring)
                                (no ring)

@: no status effects
A: almost no armour, stealthy swim, amphibious, 8 rings, constrict 8, camouflage
1, gelatinous body 1
a: Channel Magic, Renounce Religion


You were in the Dungeon.
You worshipped Sif Muna.
Sif Muna was pleased with you.
You visited 1 branch

Inventory:

Hand Weapons
 l - a +2 scimitar of holy wrath (weapon)
Jewellery
 a - a +3 ring of strength (left tentacle)
 m - a +2 ring of evasion (right tentacle)
Wands
 k - a wand of iceblast (10)
Scrolls
 g - 2 scrolls of blinking
 i - 3 scrolls of remove curse
 j - 2 scrolls of amnesia
Potions
 b - 5 potions of curing
 c - 2 potions of heal wounds
 d - a potion of haste
 e - 4 potions of magic
 f - a potion of berserk rage
 h - a potion of invisibility


   Skills:
 + Level 0.0 Fighting
 + Level 2.0 Dodging
 - Level 2.6 Stealth
 * Level 7.6 Spellcasting
 + Level 11.8 Conjurations


You had 17 spell levels left.
You knew the following spells:

 Your Spells              Type           Power        Failure   Level
a - Magic Dart            Conj           ####         1%          1
b - Searing Ray           Conj           ######       1%          2

Your spell library contained the following spells:

 Spells                   Type           Power        Failure   Level
 Dazzling Flash           Conj/Hex       ####..       1%          3
 Fulminant Prism          Conj/Hex       ####......   7%          4
 Iskenderun's Mystic Bla  Conj/Tloc      ####....     7%          4


Dungeon Overview and Level Annotations

Branches:
Dungeon (1/1)

Altars:
Cheibriados
Dithmenos
Elyvilon
Fedhas
Gozag
Hepliaklqana
Kikubaaqudgha
Makhleb
Nemelex Xobeh
Okawaru
Qazlal
Ru
Sif Muna
Trog
Uskayaw
Vehumet
Wu Jian
Xom
Yredelemnul
Zin
The Shining One
Beogh
Jiyva
Lugonu


Innate Abilities, Weirdness & Mutations

You cannot wear most types of armour.
You are very stealthy in the water. (Stealth+)
You are amphibious.
You can wear up to eight rings at the same time.
You can use your tentacles to constrict eight enemies at once.
Your skin changes colour to match your surroundings (Stealth+).
Your rubbery body absorbs attacks. (AC +1, EV +1)


Message History

The komodo dragon misses you.
You riposte.
You barely miss the komodo dragon.
Unknown command.
The searing ray hits the komodo dragon!
The komodo dragon is lightly wounded.
The searing ray hits the death knight!
The death knight is lightly wounded.
The searing ray hits the soldier ant.
The soldier ant is heavily wounded.
The searing ray hits the wyvern.
The wyvern is moderately wounded.
The sky beast flickers out of sight!
Deactivating autopickup; reactivate with Ctrl-A.
The komodo dragon bites you!!
Ouch! That really hurt!
* * * LOW HITPOINT WARNING * * *
You feel much better.
The death knight offers itself to Yredelemnul, and fills with unholy energy.
The komodo dragon bites you!!
Ouch! That really hurt!
You die...

▓.▓
▓{▓
▓l▓
▓u▓
▓a▓
▓p▓
▓l▓
▓@▓
▓.▓
▓.▓
▓.▓
▓)▓
▓[▓
▓'▓
▓÷▓
▓.▓


You could see a death knight (reflects damage), a brown ugly thing, a komodo
dragon, a soldier ant and a wyvern.

Vanquished Creatures
  A troll (D)
  A jelly (D)
  An orc wizard (D)
  4 worker ants (D)
  An adder skeleton (D)
  A dart slug (D)
  2 orcs (D)
  2 goblins (D)
  A jackal (D)
  2 kobolds (D)
16 creatures vanquished.

Notes
Turn   | Place    | Note
-------+----------+-------------------------------------------
     0 | D        | sahdkjhfkaj the Octopode Conjurer began the quest for the
                  | Orb.
     0 | D        | Reached XP level 1. HP: 11/11 MP: 3/3
    17 | D        | Reached skill level 5 in Conjurations
    17 | D        | Reached XP level 2. HP: 14/17 MP: 1/5
    21 | D        | Learned a level 2 spell: Searing Ray
    70 | D        | Reached skill level 6 in Conjurations
    70 | D        | Reached XP level 3. HP: 20/21 MP: 2/8
    71 | D        | Reached skill level 7 in Conjurations
    71 | D        | Reached XP level 4. HP: 26/27 MP: 1/10
    82 | D        | Reached skill level 8 in Conjurations
   314 | D        | Found a roughly hewn altar of Beogh.
   314 | D        | Found a snail-covered altar of Cheibriados.
   314 | D        | Found a shadowy altar of Dithmenos.
   314 | D        | Found a white marble altar of Elyvilon.
   314 | D        | Found a blossoming altar of Fedhas.
   314 | D        | Found an opulent altar of Gozag.
   315 | D        | Found a hazy altar of Hepliaklqana.
   316 | D        | Found a viscous altar of Jiyva.
   317 | D        | Found an ancient bone altar of Kikubaaqudgha.
   318 | D        | Found a corrupted altar of Lugonu.
   319 | D        | Found a burning altar of Makhleb.
   320 | D        | Found a sparkling altar of Nemelex Xobeh.
   321 | D        | Found an iron altar of Okawaru.
   322 | D        | Found a stormy altar of Qazlal.
   323 | D        | Found a sacrificial altar of Ru.
   324 | D        | Found a shimmering blue altar of Sif Muna.
   325 | D        | Found a bloodstained altar of Trog.
   326 | D        | Found a hide-covered altar of Uskayaw.
   327 | D        | Found a radiant altar of Vehumet.
   328 | D        | Found an ornate altar of the Wu Jian Council.
   329 | D        | Found a shimmering altar of Xom.
   330 | D        | Found a basalt altar of Yredelemnul.
   331 | D        | Found a glowing silver altar of Zin.
   332 | D        | Became a worshipper of Sif Muna the Loreminder
   333 | D        | Found a glowing golden altar of the Shining One.
   362 | D        | Noticed a troll
   364 | D        | Reached skill level 5 in Spellcasting
   364 | D        | Reached XP level 5. HP: 31/31 MP: 8/12
   366 | D        | Killed a troll
   366 | D        | Reached * piety under Sif Muna
   366 | D        | Reached skill level 11 in Conjurations
   366 | D        | Reached XP level 6. HP: 27/36 MP: 6/16
   586 | D        | Reached ** piety under Sif Muna
   591 | D        | Noticed a brown ugly thing
   591 | D        | Noticed a sky beast
   591 | D        | Noticed a wyvern
   591 | D        | Noticed a soldier ant
   591 | D        | Noticed a death knight
   591 | D        | Noticed a komodo dragon
   595 | D        | Slain by a komodo dragon

Illustrated notes

Levels and vault maps discovered:
D:        linesprint [early_d, line_temple, items_1, d_10, items_2, lair_1,
          lair_end, items_3, orc_1, orc_end, items_4, d_15, swamp_1, shoals_1,
          snake_1, spider_1, d_20, vaults_1, items_5, swamp_end, shoals_end,
          snake_end, spider_end, vaults_end, d_27, items_6, zot_1, zot_end,
          crypt_end, forest_end, elf_end, slime_end, tomb_end, abyss_end,
          pan_hell_end]

Skill      XL: |  1  2  3  4  5 |
---------------+----------------+-----
Conjurations   | 5 6 7 8 11 | 11.8
Spellcasting   | 3 4 5 7 |  7.6
Dodging        | |  2.0
Stealth        | |  2.6

Action                   |  1- 3 |  4- 6 || total
-------------------------+-------+-------++-------
Melee: Unarmed           |     9 |     5 ||    14
       Constrict         |     3 |     1 ||     4
       Tentacles         |     3 |     1 ||     4
       Scimitar          |       |     1 ||     1
 Cast: Magic Dart        |     3 |     1 ||     4
       Searing Ray       |     1 |     3 ||     4
  Use: Potion            |       |     1 ||     1
Armor: Skin              |     1 |       ||     1
Dodge: Dodged            |     8 |     8 ||    16
       Rpst.: Scimitar   |       |     3 ||     3

Table legend: (Time is in decaauts)
 A = Elapsed time spent in this place.
 B = Non-inter-level travel time spent in this place.
 C = Inter-level travel time spent in this place.
 D = Time resting spent in this place.
 E = Time spent auto-exploring this place.
 F = Levels seen in this place.
 G = Mean time per level.
                   A        B        C        D        E       F      G
               +--------+--------+--------+--------+--------+-----+--------+
         Total |    601 |    601 |      0 |    472 |     35 |   1 |  601.0 |
       Dungeon |    601 |    601 |      0 |    472 |     35 |   1 |  601.0 |
               +--------+--------+--------+--------+--------+-----+--------+

Top non-repeatable levels by time:
       D: 601 daAuts
